 Dungeon Crawl Stone Soup version 0.26-a0-812-g31a745ddcd (webtiles) character file.

Game seed: 1889795998646116448

7 Dracia the Vexing (level 1, 0/15 HPs)
             Began as a Demonspawn Arcane Marksman on Dec 3, 2020.
             Slain by a leopard gecko (3 damage)
             ... on level 1 of the Dungeon.
             The game lasted 00:00:42 (183 turns).

Dracia the Vexing (Demonspawn Arcane Marksman)       Turns: 183, Time: 00:00:43

Health: 0/15       AC:  2    Str: 10    XL:     1   Next: 91%
Magic:  2/2        EV: 12    Int: 14    God:
Gold:   9          SH:  0    Dex: 13    Spells: 1/2 levels left

rFire    . . .     SeeInvis .   a - +0 hand crossbow
rCold    . . .     Faith    .   (no shield)
rNeg     . . .     Spirit   .   e - +0 robe
rPois    .         Reflect  .   (no helmet)
rElec    .         Harm     .   (no cloak)
rCorr    .         Rampage  .   (no gloves)
MR       .....                  (no boots)
Stlth    +.........             (no amulet)
HPRegen  0.05/turn              (no ring)
MPRegen  0.08/turn              (no ring)

@: no status effects
A: no striking features
a: no special abilities


You were on level 1 of the Dungeon.
You visited 1 branch of the dungeon, and saw 1 of its levels.

You collected 9 gold pieces.


   Skills:
 - Level 1.0 Fighting
 * Level 2.2 Crossbows
 - Level 1.7 Dodging
 - Level 1.0 Spellcasting
 + Level 3.1 Hexes


You had one spell level left.
You knew the following spells:

 Your Spells              Type           Power        Failure   Level
a - Corona                Hex            #......      7%          1

Your spell library contained the following spells:

 Spells                   Type           Power        Failure   Level
 Slow                     Hex            #.......     11%         2
 Inner Flame              Hex/Fire       #.......     38%         3
 Portal Projectile        Hex/Tloc       #.....       38%         3
 Cause Fear               Hex            #.........   56%         4
 Leda's Liquefaction      Hex/Erth       #.........   80%         4

Inventory:

Hand Weapons
 a - a +0 hand crossbow (weapon)
Missiles
 d - 10 bolts (quivered)
Armour
 e - a +0 robe (worn)
 h - a +2 cloak
Jewellery
 i - an uncursed ring of poison resistance {unknown}
Scrolls
 b - a scroll of magic mapping {unknown}
 c - a scroll of amnesia {unknown}
 f - a scroll of identify {unknown}
 m - a scroll of remove curse {unknown}
Potions
 g - a potion of flight {unknown}
 j - a potion of curing {unknown}
 k - a potion of heal wounds {unknown}
 l - a potion of lignification {unknown}

Dungeon Overview and Level Annotations

Branches:
Dungeon (1/15)

Altars:

################
#...............
#.######..###### ###
#.# #.......##..(.# #.#
##............. #.#
#.####.##....(
#.#######>...........(
#..............(.((...
.#######..@####.####.
.......'...l....#
########...###### #...#
#...# #########
####...##+#.......#..
#.............###.#.##.
#.............# #.#..#.
#.............# #.#....


You could see a leopard gecko.


Message History

The bolt completely misses the leopard gecko.
You shoot a bolt.
The bolt barely misses the leopard gecko.
The leopard gecko misses you. The leopard gecko barely misses you.
You shoot a bolt.
The bolt barely misses the leopard gecko.
The leopard gecko bites you.
You shoot a bolt. The bolt misses the leopard gecko.
The leopard gecko barely misses you. The leopard gecko closely misses you.
You shoot a bolt.
The bolt barely misses the leopard gecko.
The leopard gecko bites you. x2
* * * LOW HITPOINT WARNING * * *
You are too injured to fight recklessly!
Unknown command.
You are too injured to fight recklessly!
You are too injured to fight recklessly!
Unknown command.
You are too injured to fight recklessly!
Unknown command.
Really attack while wielding your +0 hand crossbow? [Y]es or [N]o only, please.
Really attack while wielding your +0 hand crossbow?
Okay, then.
The leopard gecko bites you.
* * * LOW HITPOINT WARNING * * *
The leopard gecko misses you.
There is an open door here.
The leopard gecko bites you.
You die...

Skill      XL: |  1 |
---------------+----+-----
Crossbows      | 2 |  2.2
Fighting       | |  1.0
Dodging        | |  1.7
Spellcasting   | |  1.0
Hexes          | |  3.1

Action                   || total
-------------------------++-------
 Fire: Hand crossbow     ||    19
Dodge: Dodged            ||     5

Levels and vault maps discovered:
D:1:      psy_arrival_dodecagon, layout_basic, minmay_crystal_room

Notes
Turn   | Place    | Note
-------+----------+-------------------------------------------
     0 | D:1      | Dracia the Demonspawn Arcane Marksman began the quest for
                  | the Orb.
     0 | D:1      | Reached XP level 1. HP: 15/15 MP: 2/2
    65 | D:1      | Reached skill level 2 in Crossbows
   183 | D:1      | Slain by a leopard gecko

Vanquished Creatures
  A giant cockroach (D:1)
  A hobgoblin (D:1)
  A frilled lizard (D:1)
  2 goblins (D:1)
  3 rats (D:1)
8 creatures vanquished.

Table legend: (Time is in decaauts)
 A = Elapsed time spent in this place.
 B = Non-inter-level travel time spent in this place.
 C = Inter-level travel time spent in this place.
 D = Time resting spent in this place.
 E = Time spent auto-exploring this place.
 F = Levels seen in this place.
 G = Mean time per level.
                   A        B        C        D        E       F      G
               +--------+--------+--------+--------+--------+-----+--------+
         Total |    190 |    190 |      0 |      0 |    132 |   1 |  190.0 |
       Dungeon |    190 |    190 |      0 |      0 |    132 |   1 |  190.0 |
               +--------+--------+--------+--------+--------+-----+--------+

Top non-repeatable levels by time:
     D:1: 190 daAuts

Table legend:
 A = Non-vault XP
 B = Vault XP
 C = Vault XP percentage of total XP
 D = Non-vault monster count
 E = Vault monster count
 F = Vault count percentage of total count
                 A         B        C        D         E       F
            +---------+---------+-------+---------+---------+-------
      Total |      11 |       0 |   0.0 |       8 |       0 |   0.0
            +---------+---------+-------+---------+---------+-------
        D:1 |      11 |       0 |   0.0 |       8 |       0 |   0.0
            +---------+---------+-------+---------+---------+-------
